 Dungeon Crawl Stone Soup version 0.21-a0-28-g9a7844a (webtiles) character file.

0 Manul the Ducker (level 1, -2/11 HPs)
             Began as a Spriggan Abyssal Knight on May 26, 2017.
             Was a Follower of Lugonu.
             Slain by a white imp (3 damage)
             ... on level 1 of the Abyss.
             The game lasted 00:01:13 (306 turns).

Manul the Ducker (Spriggan Abyssal Knight)           Turns: 306, Time: 00:01:14

Health: -2/11      AC:  2    Str:  8    XL:     1   Next: 0%
Magic:  3/3        EV: 18    Int: 13    God:    Lugonu [*.....]
Gold:   8          SH:  0    Dex: 15    Spells: 0/0 levels left

rFire    . . .     SeeInvis +   a - +1 short sword
rCold    . . .     Gourm    .   (shield restricted)
rNeg     . . .     Faith    .   b - +0 robe
rPois    .         Spirit   .   (helmet restricted)
rElec    .         Reflect  .   (no cloak)
rCorr    .         Harm     .   (gloves unavailable)
MR       .....                  (boots unavailable)
Stlth    +.........             (no amulet)
Regen    0.0/turn               (no ring)
MPRegen  0.1/turn               (no ring)

@: non-regenerating, mildly diseased, very quick
A: unfitting armour, see invisible, herbivore 3, speed 3, slow metabolism 2
a: Depart the Abyss, Renounce Religion


You were on level 1 of the Abyss.
You worshipped Lugonu.
Lugonu was aware of your devotion.
You were not hungry.

You visited 0 branches of the dungeon, and saw 0 of its levels.
You visited the Abyss 1 time.

You collected 8 gold pieces.

Inventory:

Hand Weapons
 a - a +1 short sword (weapon)
Armour
 b - a +0 robe (worn)
Scrolls
 e - a scroll of amnesia {unknown}
 f - a scroll of fear {unknown}
Comestibles
 c - a bread ration
 d - a royal jelly


   Skills:
 + Level 2.4 Fighting
 + Level 2.1 Short Blades
 + Level 3.5 Dodging
 + Level 1.7 Invocations


You couldn't memorise any spells.
You didn't know any spells.

Dungeon Overview and Level Annotations

Branches:
Dungeon (0/15)

Altars:


Innate Abilities, Weirdness & Mutations

You are very small and have problems with some larger weapons.
You are too small for most types of armour.
You have supernaturally acute eyesight. (SInv)
You are a herbivore.
You cover ground extremely quickly.
You need consume almost no food.


Message History

You feel ill.
A shadow comes into view.
The shadow moves out of view.
Found a scroll labeled KAOTAAMAQIS.
A white imp comes into view.
The white imp shouts!
You hear a hideous shriek!
You see here a scroll labeled KAOTAAMAQIS.
f - a scroll labeled KAOTAAMAQIS The white imp grins evilly.
The white imp misses you.
You aren't carrying any potions.
You closely miss the white imp. The white imp closely misses you.
You hit the white imp but do no damage. The white imp hits you.
The white imp freezes you.
You hit the white imp.
The white imp is lightly wounded.
The white imp hits you.
* * * LOW HITPOINT WARNING * * *
The white imp freezes you.
You die...

# . .# .# x #### ..
.. #.... ## .# # .
# ...#.#
#..#.#.##.#. #
#.#.# ....#.#..##.#
#.#. ..#..#...#
#..#####
##.###5.#..# ##.
.#.##.......@.#
##.. .. ########..#
#..# ####.. #...#.#
. #. ...........###
#...###...###...#
##.## ##.## ##.##
#... #...# ... ....
#. .. #... ..
.................##


You could see a white imp.

Vanquished Creatures (others)
  2 starspawn tentacles (Abyss:1)
2 creatures vanquished.

Notes
Turn   | Place    | Note
-------+----------+-------------------------------------------
     0 | Abyss:1  | Manul the Spriggan Abyssal Knight began the quest for the Orb.
     0 | Abyss:1  | Reached XP level 1. HP: 11/11 MP: 3/3
    57 | Abyss:1  | Noticed a tentacled starspawn
   123 | Abyss:1  | Noticed a worldbinder
   125 | Abyss:1  | Noticed a merfolk siren
   125 | Abyss:1  | Noticed a merfolk siren
   149 | Abyss:1  | Noticed a small abomination
   176 | Abyss:1  | Noticed a merfolk siren
   176 | Abyss:1  | Noticed a manticore
   176 | Abyss:1  | Noticed a manticore
   180 | Abyss:1  | Noticed a rust devil
   204 | Abyss:1  | Noticed an earth elemental
   207 | Abyss:1  | Noticed an ancient zyme
   209 | Abyss:1  | Noticed an earth elemental
   259 | Abyss:1  | Noticed a large abomination
   282 | Abyss:1  | Noticed a thrashing horror
   283 | Abyss:1  | Noticed an ancient zyme
   290 | Abyss:1  | Noticed a shadow
   306 | Abyss:1  | Slain by a white imp

Vault maps used:

Action                   || total
-------------------------++-------
Melee: Short sword       ||     3
Dodge: Dodged            ||     2
